Map: Oxide LE

Players

Stats - Winner!

  • Race: Protoss Protoss
  • League: Master
  • Spawn Location: 7:00

DPGZest (Zest)

  • Race: Protoss Protoss
  • League: Master
  • Spawn Location: 1:00

Event: StayAtHome Story Cup #3

VOD

Have the link to the VOD?

Description

Time

  • Played on: March 13, 2021, 11:28 a.m.
  • Length: 5:37

All games in this series

Show
View Real Time Build Order
Export as new Build Order

Stats Protoss - Winner!

Build Orders: Oracle Opening 

Get SALT Encoding   

  12  0:00  Probe  
  13  0:12  Probe  
  14  0:17  Pylon  
  14  0:24  Probe (Chrono Boost)  
  15  0:36  Probe (Chrono Boost)  
  15  0:38  Gateway  
  16  0:45  Probe (Chrono Boost)  
  16  0:48  Assimilator  
  17  0:50  Probe  
  18  0:58  Assimilator  
  18  1:03  Probe (Chrono Boost)  
  19  1:07  Pylon  
  20  1:12  Probe (Chrono Boost)  
  20  1:19  Probe  
  21  1:28  Cybernetics Core  
  21  1:31  Probe  
  22  1:34  Zealot  
  24  1:43  Probe  
  25  1:55  Probe  
  25  2:00  Pylon  
  26  2:03  Adept (Chrono Boost)  
  26  2:06  Warp Gate  
  26  2:07  Probe  
  29  2:12  Pylon  
  29  2:19  Stargate  
  29  2:21  Probe  
  30  2:29  Stalker  
  31  3:02  Oracle (Chrono Boost)  
  31  3:03  Nexus  
  34  3:09  Probe  
  33  3:21  Probe  
  34  3:29  Gateway  
  34  3:31  Oracle  
  38  3:34  Probe  
  38  3:48  Probe  
  38  3:54  Stalker  
  41  4:00  Probe  
  42  4:07  Shield Battery  
  42  4:08  Twilight Council  
  40  4:13  Probe  
  40  4:15  Probe  
  42  4:22  Stalker  
  44  4:25  Gateway  
  44  4:26  Probe (Chrono Boost)  
  44  4:27  Probe (Chrono Boost)  
  44  4:30  Sentry  
  48  4:45  Probe x2 (Chrono Boost)  
  48  4:49  Forge  
  48  4:50  Assimilator  
  47  4:54  Probe x2  
  49  5:04  Stalker  
  51  5:08  Stalker  
  51  5:14  Shield Battery  
  53  5:15  Shield Battery  
  53  5:17  Pylon  
  53  5:22  Stalker  
  51  5:28  Shield Battery  
  51  5:30  Stalker  
  51  5:34  Stalker  
Show
View Real Time Build Order
Export as new Build Order

DPGZest Protoss 

Build Orders: Phoenix Opening 

Get SALT Encoding   

  12  0:00  Probe  
  13  0:12  Probe  
  14  0:17  Pylon  
  14  0:24  Probe (Chrono Boost)  
  15  0:37  Probe (Chrono Boost), Gateway  
  16  0:45  Probe (Chrono Boost)  
  16  0:46  Assimilator  
  17  0:51  Probe  
  17  0:55  Assimilator  
  18  1:03  Probe (Chrono Boost)  
  19  1:08  Pylon  
  19  1:13  Probe (Chrono Boost)  
  19  1:18  Probe (Chrono Boost)  
  20  1:24  Cybernetics Core  
  21  1:29  Probe  
  22  1:35  Zealot  
  24  1:41  Probe  
  25  1:53  Probe  
  26  2:01  Stalker (Chrono Boost)  
  26  2:02  Warp Gate  
  28  2:22  Stalker  
  28  2:26  Nexus  
  30  2:35  Pylon  
  30  2:37  Probe  
  31  2:46  Pylon  
  31  2:55  Probe  
  32  3:01  Sentry  
  32  3:03  Gateway  
  34  3:07  Probe  
  34  3:19  Probe (Chrono Boost), Twilight Council, Forge  
  35  3:29  Probe (Chrono Boost)  
  35  3:34  Probe (Chrono Boost)  
  37  3:44  Probe  
  33  3:53  Phoenix, Stalker  
  35  3:57  Pylon, Stalker  
  37  4:04  Probe  
  36  4:14  Probe (Chrono Boost)  
  36  4:16  Probe (Chrono Boost)  
  38  4:23  Twilight Council  
  38  4:26  Probe (Chrono Boost)  
  38  4:28  Probe (Chrono Boost)  
  39  4:32  Probe (Chrono Boost)  
  39  4:33  Probe (Chrono Boost)  
  39  4:34  Stalker x2  
  44  4:40  Probe  
  44  4:44  Probe  
  40  4:52  Probe  
  41  4:53  Shield Battery x2  
  41  4:58  Adept  
  41  4:59  Adept  
  37  5:25  Probe  
Tags
 
Add a new tag
Caveats
  • Supply blocks, unpowered buildings, or Contaminate may cause inaccurate times.
  • Supply counts are checked every 10 seconds.